 Dungeon Crawl Stone Soup version 0.21-a0 (webtiles) character file.

4017 Kriby the Covert (level 10, 0/60 HPs)
             Began as an Octopode Wizard on May 19, 2017.
             Was a Believer of Sif Muna.
             Slain by a hound (1 damage)
             ... on level 9 of the Dungeon.
             The game lasted 00:33:20 (11792 turns).

Kriby the Covert (Octopode Wizard)                 Turns: 11792, Time: 00:33:21

Health: 0/60       AC:  3    Str: 11 (12) XL:     10   Next: 23%
Magic:  23/29      EV: 13    Int: 24 (26) God:    Sif Muna [**....]
Gold:   439        SH:  0    Dex:  9 (11) Spells: 7/22 levels left

rFire    + . .     SeeInvis .   u - +11 dagger of Vengeance {flame, +Inv MR+ Int+3}
rCold    + . .     Gourm    .   z - +3 buckler
rNeg     . . .     Faith    .   a - +0 hat
rPois    .         Spirit   .   (no amulet)
rElec    .         Reflect  .   o - ring of magical power
rCorr    .         Harm     .   m - ring of protection from fire
MR       +....                  t - +2 ring of protection
Stlth    +++.......             (no ring)
Regen    0.2/turn               (no ring)
MPRegen  0.3/turn               (no ring)
                                (no ring)
                                (no ring)

@: confused, mighty, very slightly contaminated
A: almost no armour, stealthy swim, amphibious, 8 rings, constrict 8, camouflage
1, cold resistance 1, deterioration 1, gelatinous body 1
a: Divine Energy, Renounce Religion, Evoke Invisibility


You were on level 9 of the Dungeon.
You worshipped Sif Muna.
Sif Muna was pleased with you.
You were not hungry.

You visited 2 branches of the dungeon, and saw 10 of its levels.

You collected 439 gold pieces.

Inventory:

Hand Weapons
 u - the +11 dagger of Vengeance (weapon) {flame, +Inv MR+ Int+3}
   (You found it on level 4 of the Dungeon)

   It has been specially enchanted to burn those struck by it, causing extra
   injury to most foes and up to half again as much damage against particularly
   susceptible opponents.
   It affects your intelligence (+3).
   It affects your resistance to hostile enchantments.
   It lets you turn invisible.
Missiles
 j - 23 arrows
Armour
 a - a +0 hat (worn)
 z - a +3 buckler (worn)
Jewellery
 m - a ring of protection from fire (right tentacle)
 o - a ring of magical power (left tentacle)
 t - a +2 ring of protection (on tentacle)
Wands
 k - a wand of confusion (8/48)
 p - a wand of polymorph (18/24)
 x - a wand of acid (0/15)
 A - a wand of random effects (17/48)
Scrolls
 e - 4 scrolls of identify
 s - 2 scrolls of recharging
 w - 3 scrolls of remove curse
 y - 2 scrolls of vulnerability {unknown}
Potions
 v - a potion of haste {unknown}
Books
 b - a book of Minor Magic

   Spells                             Type                      Level
   a - Magic Dart                     Conjuration                  1
   b - Blink                          Translocation                2
   c - Call Imp                       Summoning                    2
   d - Slow                           Hexes                        2
   e - Conjure Flame                  Conjuration/Fire             3
   f - Mephitic Cloud                 Conjuration/Poison/Air       3
 d - a book of Flames

   Spells                             Type                      Level
   a - Flame Tongue                   Conjuration/Fire             1
   b - Throw Flame                    Conjuration/Fire             2
   c - Conjure Flame                  Conjuration/Fire             3
   d - Inner Flame                    Hexes/Fire                   3
   e - Sticky Flame                   Conjuration/Fire             4
   f - Fireball                       Conjuration/Fire             5
 i - a book of Necromancy

   Spells                             Type                      Level
   a - Pain                           Necromancy                   1
   b - Animate Skeleton               Necromancy                   1
   c - Vampiric Draining              Necromancy                   3
   d - Regeneration                   Charms/Necromancy            3
   e - Animate Dead                   Necromancy                   4
   f - Control Undead                 Necromancy                   4
Comestibles
 c - 4 bread rations
 f - a chunk of flesh
 B - 6 fruits
 C - 9 royal jellies


   Skills:
 + Level 1.7 Fighting
 + Level 5.9 Short Blades
 - Level 2.0 Dodging
 + Level 10.2 Stealth
 - Level 4.0 Shields
 * Level 6.8 Spellcasting
 - Level 6.9 Conjurations
 - Level 1.0 Summonings
 - Level 1.0 Translocations
 - Level 3.5 Poison Magic


You had 7 spell levels left.
You knew the following spells:

 Your Spells              Type           Power        Failure   Level  Hunger
a - Magic Dart            Conj           ####         1%          1    None
b - Conjure Flame         Conj/Fire      ###.....     5%          3    None
c - Call Imp              Summ           ##......     8%          2    None
d - Regeneration          Chrm/Necr      #.........   22%         3    None
g - Mephitic Cloud        Conj/Pois/Air  ###.....     5%          3    None
O - Animate Skeleton      Necr           N/A          8%          1    None
T - Blink                 Tloc           N/A          8%          2    None


Dungeon Overview and Level Annotations

Branches:
Dungeon (9/15)             Temple (1/1) D:5
   Lair: D:8-11         Orc: D:9-12

Altars:
Ashenzari
Cheibriados
Dithmenos
Elyvilon
Fedhas
Gozag
Hepliaklqana
Kikubaaqudgha
Makhleb
Nemelex Xobeh
Okawaru
Qazlal
Ru
Sif Muna
Trog
Uskayaw
Vehumet
Wu Jian
Xom
Yredelemnul
Zin
The Shining One

Shops:
D:4 (

Annotations:
D:8 Gastronok


Innate Abilities, Weirdness & Mutations

You cannot wear most types of armour.
You are very stealthy in the water. (Stealth+)
You are amphibious.
You can wear up to eight rings at the same time.
You can use your tentacles to constrict eight enemies at once.
Your skin changes colour to match your surroundings (Stealth+).
Your rubbery body absorbs attacks. (AC +1, EV +1)
Your flesh is cold resistant. (rC+)
Your body sometimes deteriorates upon taking damage.


Message History

You feel weakened.
You feel dopey.
You feel clumsy. The hound misses you.
The killer bee zombie barely misses you.
The hound bites you but does no damage.
A wight comes into view. It is wielding a halberd.
It was a potion of ambrosia.
You are confused.
You feel invigorated. The killer bee zombie hits you.
* * * LOW HITPOINT WARNING * * *
The hound bites you.
* * * LOW HITPOINT WARNING * * *
It was a potion of might.
You feel very mighty all of a sudden. The hound bites you.
* * * LOW HITPOINT WARNING * * *
The wight hits you from afar with a halberd!
* * * LOW HITPOINT WARNING * * *
Your body deteriorates!
You feel dopey. The hound bites you.
You die...

#.##.>.[...#
###..........#
....##.#..#..#.. ..
.....<.......... ...
....####..####. #.#
###.####..# ...#
#.......# ##....
#######.#
#######..... #.#
#.@hs.ยง.# ##
#.#####z##z...#...#.
#......Z##.#..%.....
###........#...._...
.........####...O....
..#...#...# #..#...#.
##.###.... ...##.##
#.. ..#####... ...
..._ ..# #... .##


You could see a two-headed ogre (confused), a scorpion, a hound, 2 wights and a
killer bee zombie.

Vanquished Creatures
  Erica (D:9)
  Grum (D:8)
  A steam dragon (D:7)
  A hungry ghost (D:8)
  A soldier ant (D:8)
  An ice beast (D:7)
  3 ogres
  A phantom (D:6)
  3 wolves (D:8)
  6 centaurs
  3 bullfrogs
  4 scorpions
  4 killer bees (D:7)
  A howler monkey (D:7)
  3 crimson imps
  2 hounds
  A jelly (D:8)
  4 orc wizards
  A bullfrog zombie (D:7)
  A centaur skeleton (D:8)
  Ijyb (D:3)
  Natasha (twice) (D:3)
  A worker ant (D:6)
  5 adders
  3 gnolls (D:7)
  A shadow imp (D:6)
  3 worms
  4 dart slugs
  6 leopard geckos
  6 orcs
  4 ball pythons
  7 bats
  4 giant cockroaches
  6 hobgoblins
  2 jackals (D:1)
  9 kobolds
  5 frilled lizards
  11 goblins
  A leopard gecko skeleton (D:6)
  A leopard gecko zombie (D:5)
  A quokka zombie (D:6)
  7 rats
133 creatures vanquished.

Vanquished Creatures (collateral kills)
  2 hornets (D:8)
  A wolf (D:8)
  A bullfrog (D:7)
  A killer bee (D:7)
  A howler monkey (D:7)
  2 crimson imps (D:7)
  A bullfrog skeleton (D:4)
  2 hounds
  2 jellies
  A centaur skeleton (D:4)
  Natasha (D:3)
  Robin (D:2)
  An adder (D:3)
  A gnoll (D:7)
  4 oozes (D:1)
  5 worms
  2 leopard geckos (D:2)
  6 orcs
  6 giant cockroaches
  7 goblins
  4 hobgoblins (D:2)
  2 jackals (D:1)
  3 kobolds
  A quokka (D:6)
  4 frilled lizards
  4 rats
66 creatures vanquished.

Vanquished Creatures (others)
  2 plants (D:1)
2 creatures vanquished.

Grand Total: 201 creatures vanquished

Notes
Turn   | Place    | Note
-------+----------+-------------------------------------------
     0 | D:1      | Kriby the Octopode Wizard began the quest for the Orb.
     0 | D:1      | Reached XP level 1. HP: 11/11 MP: 4/4
     0 | D:1      | Noticed a jelly
     1 | D:1      | Found a runed door.
   400 | D:1      | Reached XP level 2. HP: 12/17 MP: 0/6
  1024 | D:1      | Reached XP level 3. HP: 21/21 MP: 1/7
  1059 | D:1      | Learned a level 2 spell: Blink
  1723 | D:1      | Learned a level 2 spell: Call Imp
  1727 | D:1      | Learned a level 3 spell: Conjure Flame
  1903 | D:1      | Reached XP level 4. HP: 27/27 MP: 1/9
  2506 | D:2      | Noticed Robin
  2598 | D:2      | Killed Robin
  2612 | D:2      | Reached XP level 5. HP: 8/31 MP: 1/10
  3656 | D:3      | Found a basalt altar of Yredelemnul.
  3659 | D:3      | Noticed Natasha
  3672 | D:3      | Killed Natasha
  3759 | D:3      | Found a shimmering altar of Xom.
  3789 | D:3      | Noticed Ijyb
  3800 | D:3      | Killed Ijyb
  4204 | D:3      | Found a glowing golden altar of the Shining One.
  4560 | D:3      | Noticed Natasha
  4572 | D:3      | Killed Natasha
  4782 | D:3      | Reached XP level 6. HP: 21/36 MP: 6/12
  5283 | D:3      | Noticed Natasha
  5286 | D:3      | Killed Natasha
  5709 | D:4      | Got a pitted dagger
  5710 | D:4      | Identified the +11 dagger of Vengeance {flame, +Inv MR+ Int+3} (You found it on level 4 of the Dungeon)
  5870 | D:4      | Reached skill level 3 in Stealth
  5928 | D:4      | Found Kubaorank's Weapon Boutique.
  6243 | D:5      | Entered Level 5 of the Dungeon
  6323 | D:5      | Reached skill level 1 in Short Blades
  6382 | D:5      | Learned a level 3 spell: Mephitic Cloud
  6386 | D:5      | Reached skill level 4 in Stealth
  6386 | D:5      | Reached XP level 7. HP: 23/41 MP: 9/13
  6563 | D:5      | Found a staircase to the Ecumenical Temple.
  6578 | D:5      | Reached skill level 5 in Stealth
  6599 | Temple   | Entered the Ecumenical Temple
  6788 | Temple   | Became a worshipper of Sif Muna the Loreminder
  7156 | D:5      | Found a deep blue altar of Sif Muna.
  7415 | D:5      | Found a sparkling altar of Nemelex Xobeh.
  7592 | D:5      | Reached skill level 6 in Stealth
  7592 | D:5      | Reached skill level 1 in Poison Magic
  7726 | D:6      | Found an opulent altar of Gozag.
  7863 | D:6      | Reached skill level 7 in Stealth
  7863 | D:6      | Reached XP level 8. HP: 33/46 MP: 8/14
  8058 | D:6      | Found a snail-covered altar of Cheibriados.
  8416 | D:6      | Reached skill level 8 in Stealth
  8877 | D:7      | Reached skill level 1 in Shields
  8877 | D:7      | Reached skill level 5 in Conjurations
  8898 | D:7      | Learned a level 1 spell: Animate Skeleton
  9065 | D:7      | Found a blossoming altar of Fedhas.
  9128 | D:7      | Reached XP level 9. HP: 46/51 MP: 1/15
  9312 | D:7      | Reached * piety under Sif Muna
 10028 | D:7      | Learned a level 3 spell: Regeneration
 10093 | D:8      | Noticed a hornet
 10100 | D:8      | Noticed Grum
 10231 | D:8      | Killed Grum
 10258 | D:8      | Found a burning altar of Makhleb.
 10411 | D:8      | Killed a hornet
 10411 | D:8      | Reached skill level 9 in Stealth
 10411 | D:8      | Reached skill level 5 in Spellcasting
 10415 | D:8      | Noticed a hornet
 10490 | D:8      | Killed a hornet
 10490 | D:8      | Reached skill level 5 in Short Blades
 10665 | D:8      | Found a white marble altar of Elyvilon.
 10798 | D:8      | Noticed Gastronok
 10899 | D:8      | HP: 1/51 [Gastronok/the air (32)]
 11458 | D:8      | Found a shattered altar of Ashenzari.
 11469 | D:8      | Reached XP level 10. HP: 56/56 MP: 19/19
 11753 | D:9      | Noticed Erica
 11754 | D:9      | Found a radiant altar of Vehumet.
 11758 | D:9      | Killed Erica
 11758 | D:9      | Reached ** piety under Sif Muna
 11758 | D:9      | Reached skill level 1 in Fighting
 11758 | D:9      | Reached skill level 10 in Stealth
 11764 | D:9      | Found an iron altar of Okawaru.
 11764 | D:9      | Noticed a two-headed ogre
 11789 | D:9      | Gained mutation: Your body sometimes deteriorates upon taking damage. [potion of mutation]
 11789 | D:9      | Gained mutation: Your flesh is cold resistant. (rC+) [potion of mutation]
 11792 | D:9      | HP: 1/60 [wight/halberd (15)]
 11792 | D:9      | Slain by a hound

Vault maps used:
D:1:      dpeg_arrival_caged_fury, serial_glass, glass_columns_a,
          glass_columns_b, item_on_display_a, lexackson_kobold_supper
D:2:      first_bread, uniq_robin
D:3:      minmay_diamond_boxcup, yredelemnul_altar_generic, tso_metal_star,
          lemuel_coloured_pillars_altar, uniq_natasha, uniq_ijyb
D:4:      serial_shops, shop
D:5:      nemelex_xobeh_ov_fountains_minmay, minmay_temple_entry_mist,
          lemuel_blue_sif_altar
D:6:      nicolae_gozag_seed_capital, marbit_many_paths
D:7:      lemuel_crystal_altar
D:8:      makhleb_grotto_becter, cheibrodos_ashenzari_chains, elyvilon_altar_1,
          hangedman_pestilent_swarm, uniq_grum, uniq_gastronok
D:9:      cheibrodos_barr_body, vehumet_crystals, okawaru_gym_becter,
          makhleb_blood_cavern_becter, uniq_erica, uniq_joseph
Temple:   compressed_dpeg_circular_temple

Skill      XL: |  1  2  3  4  5  6  7  8  9 10 |
---------------+-------------------------------+-----
Conjurations   | 2 3 4 6 |  6.9
Spellcasting   | 4 6 |  6.8
Stealth        | 4 7 8 9 10 | 10.2
Short Blades   | 1 3 5 |  5.9
Poison Magic   | 2 3 |  3.5
Shields        | 3 4 |  4.0
Fighting       | 1 |  1.7
Dodging        | |  2.0
Summonings     | |  1.0
Translocations | |  1.0

Action                   |  1- 3 |  4- 6 |  7- 9 | 10-12 || total
-------------------------+-------+-------+-------+-------++-------
Melee: Unarmed           |     9 |       |       |       ||     9
       Constrict         |     4 |    17 |    19 |       ||    40
       Tentacles         |     4 |     8 |    10 |     2 ||    24
       Dagger            |    10 |     9 |   121 |    26 ||   166
       Whip              |       |    74 |       |       ||    74
 Cast: Magic Dart        |    61 |    28 |    46 |       ||   135
       Call Imp          |     9 |    80 |    36 |       ||   125
       Conjure Flame     |       |     1 |     3 |       ||     4
       Mephitic Cloud    |       |     1 |    40 |     8 ||    49
       Animate Skeleton  |       |       |     7 |       ||     7
       Blink             |       |       |     4 |       ||     4
Evoke: Wand              |       |       |    10 |     8 ||    18
  Use: Scroll            |       |     5 |     6 |     2 ||    13
       Potion            |       |     1 |     3 |     5 ||     9
 Stab: Sleeping          |       |     2 |     4 |     1 ||     7
       Confused          |       |       |     9 |       ||     9
       Distracted        |       |       |     1 |       ||     1
  Eat: Chunk             |     3 |    13 |    13 |       ||    29
       Fruit             |       |     1 |     1 |       ||     2
       Meat ration       |       |       |     1 |       ||     1
       Royal jelly       |       |       |     1 |       ||     1
Armor: Skin              |     1 |     6 |    13 |     6 ||    26
Dodge: Dodged            |    22 |    52 |    55 |    22 ||   151
Block: Buckler           |       |       |    14 |     7 ||    21
